[Event "Slovakian-ch Youth 2022"]
[Site "Lubovna"]
[Date "2022.05.24"]
[Round "5.7"]
[White "Petrek, Dominik"]
[Black "Cedzo, Adam"]
[Result "1/2-1/2"]
[ECO "A48"]
[WhiteElo "2110"]
[BlackElo "1869"]
[Annotator "TA"]
[PlyCount "122"]
[EventDate "2022.05.22"]
[EventCountry "SVK"]
[SourceTitle "playchess.com"]
[Source "ChessBase"]
[SourceQuality "1"]
[TimeControl "40/5400+30:1800+30"]

1. d4 Nf6 2. Nf3 g6 3. Bg5 Bg7 4. Nbd2 d6 5. e4 h6 6. Bh4 g5 7. Bg3 Nh5 8. c3 Nc6 {[%emt 0:01:26] A48: 1 d4 Nf6 2 Nf3 g6: Torre, London and Colle Systems.} 9. Bc4 Nxg3 10. hxg3 e5 {[%emt 0:03:56] White is slightly better.} 11. dxe5 Nxe5 12. Nxe5 Bxe5 13. Qb3 Qe7 14. O-O-O {[%emt 0:02:35] [#]} c6 $146 ({Predecessor:} 14... g4 15. Be2 c6 16. Nc4 Be6 17. Qb4 Bxc4 18. Qxc4 h5 19. Kb1 O-O-O 20. Rxh5 Rhg8 {1-0 (76) Ortega Amarelle,M (2463)-Joseph,M (2125) Chess.com INT 2021}) 15. f4 (15. Nf3 $14) 15... gxf4 $11 16. gxf4 Bxf4 17. Bxf7+ Kd8 $15 18. Rhf1 Qxe4 19. Qc2 Qxc2+ (19... Qe5 {with more complications.} 20. Qa4 Bg5 21. Kb1 Bxd2 22. Rxd2 Kc7) 20. Kxc2 Bxd2 21. Rxd2 Kc7 22. Bh5 Bd7 23. Rf7 Raf8 24. Rdf2 Rxf7 25. Rxf7 {[%emt 0:00:15][%mdl 4096] Endgame KRB-KRB} Kc8 26. Rg7 Bf5+ 27. Kb3 Be6+ 28. Ka3 $1 Rg8 29. Re7 Bd7 30. Rh7 Rxg2 {[%emt 0:00:44] Threatens to win with ...Rh2.} 31. Rxh6 d5 32. Bd1 Rg7 (32... a5 $142 33. Kb3 Kc7) 33. b4 $17 Bf5 34. Bb3 Rg3 35. Kb2 Rg2+ 36. Ka3 Bc2 (36... Bd3 $17 37. Rf6 a6 38. Rf8+ Kc7 39. Rf7+ Kb6) 37. Bxc2 $11 Rxc2 {[%emt 0:00:03] KR-KR} 38. Kb3 Rg2 39. Rh7 ({Reject} 39. Rh8+ Kc7 $15) 39... Rg3 40. Kb2 ({But not} 40. Rh8+ Kc7 41. Rh7+ Kb6 $15) 40... Rg8 41. a4 Rd8 42. Kb3 Rd7 43. Rh6 Kc7 44. a5 b6 45. axb6+ Kxb6 46. Rh4 (46. c4) 46... Re7 47. Rd4 Re4 {[%emt 0:00:00] [#] And now ...Rxd4 would win.} 48. Rd2 Re7 (48... Re3) 49. Ra2 Rd7 50. Ra1 c5 51. bxc5+ {[%emt 0:00:00] The position is equal.} Kxc5 52. Ra5+ Kb6 53. Ra4 a5 54. Rh4 Kc5 55. Rg4 Rb7+ 56. Ka3 Rb1 57. Ka2 Re1 58. Ra4 Re4 59. Rxa5+ Kc4 60. Kb2 Re2+ 61. Kc1 Kxc3 {[%emt 0:00:00] Weighted Error Value: White=0.11 (very precise) /Black=0.12 (very precise)} 1/2-1/2

[Event "Slovakian-ch Youth 2022"]
[Site "Lubovna"]
[Date "2022.05.24"]
[Round "5.7"]
[White "Carnecky, Viliam"]
[Black "Smetana, Peter"]
[Result "0-1"]
[ECO "B52"]
[WhiteElo "1380"]
[BlackElo "1740"]
[Annotator "NA COMBH"]
[PlyCount "82"]
[EventDate "2022.05.22"]
[EventCountry "SVK"]
[SourceTitle "playchess.com"]
[Source "ChessBase"]
[SourceQuality "1"]
[TimeControl "40/5400+30:1800+30"]

1. e4 c5 2. Nf3 d6 3. Bb5+ Bd7 4. Qe2 Bxb5 5. Qxb5+ Qd7 6. Nc3 Nc6 7. O-O Nf6 8. Qe2 e6 9. d3 Be7 10. h3 O-O 11. Bg5 Rfc8 12. Qd2 h6 13. Bh4 Nd4 14. Nxd4 cxd4 15. Bxf6 Bxf6 16. Ne2 Qb5 17. b3 Qc5 18. Rfc1 Rc7 19. b4 Qc6 20. Rab1 Rac8 21. b5 Qc5 22. a4 d5 23. exd5 Qxd5 24. Rb4 e5 25. c4 dxc3 26. Rxc3 Be7 27. Rxc7 Rxc7 28. Rg4 Bg5 29. Qd1 f5 30. Rb4 Kf7 31. Qb3 Qxb3 32. Rxb3 Ke6 33. b6 axb6 34. Rxb6+ Kd5 35. Rb5+ Kd6 36. d4 exd4 37. Nxd4 g6 38. Rb6+ Kc5 39. Rxg6 Kxd4 40. a5 Rc1+ 41. Kh2 Ra1 0-1

[Event "Slovakian-ch Youth 2022"]
[Site "Lubovna"]
[Date "2022.05.24"]
[Round "5.8"]
[White "Beres, Tomas"]
[Black "Bidulsky, Matej"]
[Result "1/2-1/2"]
[ECO "B12"]
[WhiteElo "2059"]
[BlackElo "1800"]
[Annotator "TA"]
[PlyCount "69"]
[EventDate "2022.05.22"]
[EventCountry "SVK"]
[SourceTitle "playchess.com"]
[Source "ChessBase"]
[SourceQuality "1"]
[TimeControl "40/5400+30:1800+30"]

1. e4 c6 2. d4 d5 3. Nd2 g6 4. c3 Bg7 5. Bd3 e5 {[%emt 0:01:28] [#]} (5... c5 $14) 6. dxe5 $1 $16 {[%emt 0:00:22] B12: Caro-Kann: Advance Variation.} Bxe5 7. Ngf3 {[%emt 0:00:14] [#]} Bg7 $146 ({Predecessor:} 7... Bg4 8. Qb3 Nd7 9. exd5 Ne7 10. O-O O-O 11. Qc4 Bxf3 12. Nxf3 Nxd5 13. Bc2 {½-½ (13) Nazarov,V (2235)-Yashkov,A (2144) Konakovo 2012}) 8. exd5 {[%emt 0:00:49][%cal Od5d6] White is slightly better.} Nf6 (8... Ne7 $14 {feels stronger.}) 9. Qe2+ Qe7 10. Qxe7+ Kxe7 11. dxc6 Nxc6 12. O-O Rd8 13. Bc2 Be6 14. Nb3 b6 {[%emt 0:01:49] Against Nc5} 15. Nbd4 Bd5 16. Nxc6+ Bxc6 17. Ne5 Bd5 18. Re1 {[%emt 0:05:57] Nxg6+ is the strong threat.} Kf8 19. Be3 Ne4 20. Bd4 Nd6 21. Bd3 {[%emt 0:03:10] Against Nb5} Nb7 22. Bf1 {[%emt 0:08:20] White is much more active.} Nc5 23. f4 Rac8 24. g3 Ne4 25. Bg2 Nd2 26. Bxd5 Rxd5 27. Kf2 Nc4 28. Re2 Bxe5 29. fxe5 Ke7 ({Black should play} 29... Na5 $14) 30. Kf3 Ke6 31. Kf4 Na5 32. Bf2 (32. Rf1 $16) 32... Rc4+ $11 33. Re4 (33. Kg5 $11 {remains equal.}) 33... Rxe4+ 34. Kxe4 {[%emt 0:00:04] [#]} Nc4 ({Better is} 34... Rd2 $1 $17 35. b4 Rxf2 36. bxa5 bxa5) 35. b3 {[%emt 0:03:57] Weighted Error Value: White=0.17 (very precise) /Black=0.13 (very precise)} 1/2-1/2

[Event "Slovakian-ch Youth 2022"]
[Site "Lubovna"]
[Date "2022.05.24"]
[Round "5.8"]
[White "Hudak, Jan"]
[Black "Demjan, David"]
[Result "0-1"]
[ECO "B07"]
[WhiteElo "1688"]
[BlackElo "1375"]
[Annotator "NA COMBH"]
[PlyCount "78"]
[EventDate "2022.05.22"]
[EventCountry "SVK"]
[SourceTitle "playchess.com"]
[Source "ChessBase"]
[SourceQuality "1"]
[TimeControl "40/5400+30:1800+30"]

1. e4 d6 2. d4 Nf6 3. Nc3 c6 4. Nf3 Qa5 5. Bd3 e5 6. Be3 Be7 7. Qd2 h6 8. dxe5 dxe5 9. Bc4 Bb4 10. Bd3 O-O 11. Nh4 Rd8 12. f3 c5 13. Qe2 Bxc3+ 14. bxc3 Qxc3+ 15. Kf2 Nc6 16. Bd2 Qa3 17. c3 Be6 18. Rhd1 a6 19. g4 Rd7 20. g5 hxg5 21. Bxg5 Nh7 22. Be3 Rad8 23. Nf5 b5 24. Rg1 Bxf5 25. exf5 Kf8 26. Be4 Na5 27. Rac1 Nc4 28. Kg2 Rd2 29. Bxd2 Rxd2 30. Qxd2 Nxd2 31. Rc2 Nxe4 32. fxe4 Nf6 33. Kf3 Qa4 34. Re2 Qc4 35. Rc1 Ke7 36. Rcc2 a5 37. h4 Nh5 38. Rg2 Qd3+ 39. Kg4 Nf6+ 0-1

[Event "Slovakian-ch Youth 2022"]
[Site "Lubovna"]
[Date "2022.05.24"]
[Round "5.9"]
[White "Priechodsky, Radovan"]
[Black "Rybiansky, Jergus"]
[Result "1-0"]
[ECO "A36"]
[WhiteElo "1965"]
[BlackElo "1379"]
[Annotator "TA"]
[PlyCount "61"]
[EventDate "2022.05.22"]
[EventCountry "SVK"]
[SourceTitle "playchess.com"]
[Source "ChessBase"]
[SourceQuality "1"]
[TimeControl "40/5400+30:1800+30"]

1. e4 c5 2. c4 Nc6 3. Nc3 e6 4. g3 Nge7 5. Bg2 g6 6. Nge2 Bg7 7. O-O O-O 8. d3 a6 9. Be3 d6 (9... Nd4 $11) 10. Qd2 {[%emt 0:04:04] A36: Symmetrical English vs ...g6: 4 Bg2 Bg7.} ({White should play} 10. d4 $1 $14) 10... Bd7 (10... b5 $11) 11. Bh6 {[%emt 0:02:39] [#]} Qc7 $146 (11... Bxh6 {seems wilder.} 12. Qxh6 Rb8 13. Rad1 Nd4) ({Predecessor:} 11... Rb8 12. Bxg7 Kxg7 13. b3 b5 14. Rab1 Qa5 15. Qb2 e5 16. f4 f5 17. Nd5 Nxd5 18. exd5 {½-½ (24) Jung,M (1835)-Klettke,W (1959) Binz 2016}) 12. Bxg7 {[%emt 0:04:14] The position is equal.} Kxg7 13. b3 Rfb8 (13... Nd4 $11) 14. d4 b5 (14... cxd4 $11 {remains equal.} 15. Nxd4 Nxd4 16. Qxd4+ e5) 15. d5 $16 exd5 (15... Nd4 $16) 16. cxd5 $18 (16. Nxd5 $6 Nxd5 17. cxd5 Na7 $16) 16... Nd8 (16... Nd4 $142 17. Nxd4 cxd4) 17. e5 Bf5 (17... Qb6 18. exd6 (18. Qg5 Ng8 $16) 18... Ng8) 18. g4 Bxg4 19. exd6 Qxd6 20. Ne4 Qb6 (20... Qxd5 $2 21. Qc3+ Kh6 22. Qe3+ (22. Nxc5 b4 $16) 22... Kg7 23. Nf6 $1 $18 (23. Nxc5 Qd6 $16)) 21. d6 Nec6 $2 (21... Ng8 22. Nf4 Nb7) 22. N2c3 $2 (22. Qc3+ Nd4 {[#]} 23. Nxc5 $1) 22... Be6 $2 (22... Ne6) 23. Rac1 ({Much less strong is} 23. Qg5 h6 24. Qf6+ (24. Qxc5 Ra7 $16) 24... Kg8) 23... Nb7 (23... c4 $142 24. Rfd1 Ne5) 24. Nd5 Bxd5 25. Qxd5 Nd4 $2 (25... Rd8 $18 26. d7 (26. Nxc5 Rxd6 27. Qf3 Nxc5 $11) 26... Qc7 27. Nxc5 Nxc5) 26. Qe5+ Kh6 27. Nxc5 (27. Rc3 $142 Ne2+ 28. Kh1 Nxc3 29. Nf6 (29. Qxc3 f5 $16) 29... g5 30. f4 Ne4 31. Qxe4 Kg7 32. Qxh7+ Kxf6 33. Qh6+ Kf5 34. fxg5+ Kg4 35. Bh3#) 27... Qxd6 28. Qe3+ Kg7 29. Nxb7 Rxb7 (29... Qf6 {keeps fighting.} 30. Rcd1 Nf5) 30. Bxb7 Ra7 31. Rfd1 {[%emt 0:00:17] White took control after the opening.  Weighted Error Value: White=0.78/Black=1.11} 1-0

[Event "Slovakian-ch Youth 2022"]
[Site "Lubovna"]
[Date "2022.05.24"]
[Round "5.9"]
[White "Paholok, Adam"]
[Black "Cerven, Samuel"]
[Result "1-0"]
[ECO "B23"]
[WhiteElo "1449"]
[BlackElo "1353"]
[Annotator "NA RC COMBH"]
[PlyCount "39"]
[EventDate "2022.05.22"]
[EventCountry "SVK"]
[SourceTitle "playchess.com"]
[Source "ChessBase"]
[SourceQuality "1"]
[TimeControl "40/5400+30:1800+30"]

1. e4 c5 2. Nc3 d6 3. f4 g6 4. Bb5+ Bd7 5. Bc4 Bg7 6. Nf3 e6 7. d3 Ne7 8. O-O O-O 9. Qe1 a6 10. a4 Nbc6 11. f5 exf5 12. Qh4 Ne5 13. Bg5 Re8 14. Nd5 N5c6 15. Nf6+ Bxf6 16. Bxf6 h5 17. Qg5 Kh7 18. Bxf7 Ne5 19. Nxe5 dxe5 20. Bxg6+ 1-0

[Event "Slovakian-ch Youth 2022"]
[Site "Lubovna"]
[Date "2022.05.24"]
[Round "5.10"]
[White "Kapec, Kristian"]
[Black "Mederly, Jan"]
[Result "1-0"]
[ECO "B10"]
[WhiteElo "1902"]
[BlackElo "1446"]
[Annotator "TA"]
[PlyCount "51"]
[EventDate "2022.05.22"]
[EventCountry "SVK"]
[SourceTitle "playchess.com"]
[Source "ChessBase"]
[SourceQuality "1"]
[TimeControl "40/5400+30:1800+30"]

1. c4 c6 2. e4 d5 3. cxd5 cxd5 4. Bb5+ Bd7 {[%emt 0:02:14] [#]} 5. Qb3 $146 ({Predecessor:} 5. Bxd7+ Qxd7 6. d3 e5 7. Nd2 Nf6 8. Qf3 Nc6 9. Ne2 Be7 10. a3 O-O 11. O-O d4 {1-0 (44) Churyaev,A (1025)-Shim Ng Min,F (1117) LSS email 2020}) 5... dxe4 6. Bc4 {[%emt 0:01:34] B10: Caro-Kann: 2 d3 and 2 c4.} (6. d3 $17 {was necessary.}) 6... e6 $19 {[%emt 0:01:17] Strongly threatening ...Nc6.} 7. Qxb7 (7. d4) 7... Nc6 $1 8. Na3 {[%emt 0:17:23] Black is winning.} Na5 {[%emt 0:21:36] Prevents Qb3.} (8... Bxa3 $142 9. Ne2 (9. bxa3 $2 Rb8 $19) 9... Rb8) 9. Qxe4 Bxa3 ({And not} 9... Nf6 10. Qe2 $17) 10. bxa3 Bc6 $1 11. Qg4 Nxc4 (11... Nf6 $142 12. Qg3 (12. Qxg7 $2 Rg8 $19) 12... Nxc4) 12. Qxc4 Bxg2 13. Qg4 Bxh1 14. Qxg7 Qf6 15. Bb2 Qxg7 16. Bxg7 {[%emt 0:00:05] [#]} Bd5 17. Rc1 {[%emt 0:05:13] [#]} Kd7 $2 18. Bxh8 $11 Bxa2 19. Bd4 a6 20. Nf3 f6 {[%emt 0:01:15] Against Ne5+} 21. Ke2 Rc8 22. Rg1 e5 23. Bc3 Kc6 24. Rg7 Rc7 25. Rg4 Kd5 $2 26. Rxg8 {[%emt 0:00:43] Weighted Error Value: White=0.37/Black=0.56} 1-0

[Event "Slovakian-ch Youth 2022"]
[Site "Lubovna"]
[Date "2022.05.24"]
[Round "5.10"]
[White "Kudela, Oliver"]
[Black "Ammer, Erik"]
[Result "0-1"]
[ECO "C55"]
[WhiteElo "1344"]
[BlackElo "1320"]
[Annotator "NA RC COMBH"]
[PlyCount "66"]
[EventDate "2022.05.22"]
[EventCountry "SVK"]
[SourceTitle "playchess.com"]
[Source "ChessBase"]
[SourceQuality "1"]
[TimeControl "40/5400+30:1800+30"]

1. e4 e5 2. Nf3 Nc6 3. Bc4 Nf6 4. d3 d6 5. h3 Be6 6. Bb3 Qd7 7. Be3 Be7 8. Nc3 h6 9. Qd2 a5 10. Bxe6 fxe6 11. a4 d5 12. exd5 exd5 13. d4 e4 14. Nh4 O-O-O 15. Ng6 Rhg8 16. Nxe7+ Qxe7 17. O-O g5 18. f3 exf3 19. Rxf3 g4 20. Rg3 gxh3 21. Rxh3 h5 22. Bg5 Qe6 23. Re1 Qf5 24. Bxf6 Qxf6 25. Nb5 Qf5 26. Qd3 Qg4 27. Re2 Rde8 28. Rf2 Re1+ 29. Kh2 Re4 30. Qf3 Nxd4 31. Qc3 Nxb5 32. axb5 Re2 33. b6 Qxg2+ 0-1

[Event "Slovakian-ch Youth 2022"]
[Site "Lubovna"]
[Date "2022.05.24"]
[Round "5.11"]
[White "Babjak, Samuel"]
[Black "Kuna, Patrik"]
[Result "1/2-1/2"]
[ECO "D29"]
[WhiteElo "1577"]
[BlackElo "1811"]
[Annotator "NA RC COMBH"]
[PlyCount "95"]
[EventDate "2022.05.22"]
[EventCountry "SVK"]
[SourceTitle "playchess.com"]
[Source "ChessBase"]
[SourceQuality "1"]
[TimeControl "40/5400+30:1800+30"]

1. d4 d5 2. c4 e6 3. Nc3 Nf6 4. Nf3 c6 5. e3 Nbd7 6. Bd3 dxc4 7. Bxc4 b5 8. Bb3 a6 9. O-O c5 10. Qe2 Bb7 11. Rd1 {[%emt 0:01:34] The old main line.} c4 12. Bc2 Be7 13. e4 O-O 14. e5 Nd5 15. Qe4 g6 16. Qg4 {[%emt 0:00:36] [#]} Nb4 $146 ({Predecessor:} 16... Nxc3 17. bxc3 Bxf3 18. Qxf3 Nb6 19. g3 Nd5 20. h4 Re8 21. Kg2 b4 22. cxb4 Bxb4 {½-½ (35) Pregarac,V (2181)-Plenca,J (2049) Trieste 2012}) 17. Bb1 Re8 18. Ng5 Nd3 19. Bxd3 cxd3 20. Qh4 h5 21. Qg3 Kg7 22. Rxd3 Nb6 {[%emt 0:03:51] [#]} 23. Nce4 $16 (23. Nxf7 $1 $18 {[%mdl 512] is the precise move to win.} Kxf7 24. Qf4+ Bf6 25. Rg3 (25. exf6 e5 $18) (25. Qxf6+ Qxf6 26. exf6 b4 $16)) 23... Rc8 {[%emt 0:05:14] [#]} 24. Qf4 ({Better is} 24. Nc5 $1 $18 Qd5 {[#]} 25. Nxf7 $1) 24... Bxg5 25. Nxg5 Qc7 26. Qf6+ ({Inferior is} 26. Rf3 Bxf3 27. Nxf3 Rh8 $17) (26. Nh3 $16 Rh8 27. Qf6+ Kg8 28. Rc3) 26... Kg8 27. Rc3 Qd7 $2 {[%emt 0:00:22] [#]} (27... Qe7 $16 {is a better defense.}) 28. Ne4 $1 Nd5 $2 {[%emt 0:01:07] [#]} (28... Bxe4 $2 {is a self mate.} 29. Bh6 Rxc3 30. Qg7#) (28... Kh7) 29. Qg5 $2 Rxc3 30. bxc3 Qe7 31. Nf6+ Nxf6 32. exf6 Qf8 33. a4 b4 34. cxb4 Qxb4 35. Bd2 Qxd4 36. Re1 Qd5 37. Re5 Qd6 38. Qh6 Qf8 39. Qf4 Rd8 40. h3 Kh7 41. Bb4 Qh6 42. Qc4 Rc8 43. Qd4 Qc1+ 44. Re1 Qg5 45. g3 Bd5 46. Bd2 Qf5 47. Qf4 Qxf4 48. Bxf4 1/2-1/2

[Event "Slovakian-ch Youth 2022"]
[Site "Lubovna"]
[Date "2022.05.24"]
[Round "5.11"]
[White "Tokarcik, Jan"]
[Black "Vida, Gergo"]
[Result "1-0"]
[ECO "C54"]
[WhiteElo "1313"]
[BlackElo "1821"]
[Annotator "NA COMBH"]
[PlyCount "71"]
[EventDate "2022.05.22"]
[EventCountry "SVK"]
[SourceTitle "playchess.com"]
[Source "ChessBase"]
[SourceQuality "1"]
[TimeControl "40/5400+30:1800+30"]

1. e4 e5 2. Nf3 Nc6 3. Bc4 Bc5 4. c3 Nf6 5. d4 exd4 6. cxd4 Bb4+ 7. Nc3 Nxe4 8. O-O Bxc3 9. bxc3 d5 10. Bd3 O-O 11. Bxe4 dxe4 12. Ng5 Bf5 13. d5 Ne7 14. g4 Bg6 15. c4 h6 16. Nh3 Qd7 17. Nf4 Bh7 18. Bb2 Rfd8 19. h3 Re8 20. Nh5 Ng6 21. Bxg7 Qe7 22. Bf6 Qd6 23. Qd2 Ne5 24. Bxe5 Rxe5 25. Qd4 Qe7 26. Rfe1 e3 27. f4 Rxh5 28. gxh5 Qh4 29. Rxe3 b6 30. Rae1 Rf8 31. R1e2 Bf5 32. Rg2+ Bg6 33. hxg6 f6 34. g7 Rd8 35. Rg4 Qh5 36. Qxf6 1-0

[Event "Slovakian-ch Youth 2022"]
[Site "Lubovna"]
[Date "2022.05.24"]
[Round "5.12"]
[White "Gourlay, Martin B"]
[Black "Krivosik, Matus"]
[Result "1-0"]
[ECO "B12"]
[WhiteElo "1911"]
[BlackElo "1224"]
[Annotator "TA"]
[PlyCount "117"]
[EventDate "2022.05.22"]
[EventCountry "SVK"]
[SourceTitle "playchess.com"]
[Source "ChessBase"]
[SourceQuality "1"]
[TimeControl "40/5400+30:1800+30"]

1. e4 c6 2. d4 d5 3. e5 c5 4. c3 Nc6 5. Nf3 Bg4 6. Be2 e6 {[%emt 0:00:31] B12: Caro-Kann: Advance Variation.} 7. h3 (7. Nbd2 $11 {remains equal.}) 7... Bxf3 $17 8. Bxf3 Nh6 {[%emt 0:01:07] Black is better.} 9. Bxh6 gxh6 {[%emt 0:00:02] [#]} 10. Bh5 $146 ({Predecessor:} 10. O-O Qb6 11. Qc2 cxd4 12. cxd4 Qxd4 13. Nc3 Nxe5 14. Be2 Bg7 15. Rad1 Qf4 16. g3 {0-1 (36) Gschiel,A (1908)-Ofner,M (2177) Playchess.com INT 2020}) 10... cxd4 (10... Rg8 {keeps more tension.} 11. O-O cxd4 12. cxd4 Qg5) 11. cxd4 Bg7 ({Black should play} 11... Qg5 $17 12. O-O Rg8) 12. Nc3 $11 Qb6 (12... O-O $11) 13. Ne2 $1 $14 Qxb2 14. O-O Qa3 15. Qd2 {[%emt 0:01:11][%mdl 1024] White has strong compensation.} Na5 (15... O-O $14) 16. Rfc1 ({White should try} 16. f4 $16) 16... Nc4 17. Qf4 (17. Qd1 $5 ) 17... O-O 18. Rc3 Qb2 {[%emt 0:09:01] Black cannot hold the game after this.} (18... Qe7 $1 $11) 19. Rac1 $40 {[%emt 0:00:13][%mdl 128] [#] Hoping for Rg3. White is out for blood.} Kh8 20. Rg3 Rg8 (20... Qd2 {keeps fighting.}) 21. Qxf7 Qb6 22. Qe7 (22. Rb3 Qa6 23. Rxb7 Nd2 $18) 22... Qd8 23. Qxe6 Nb6 (23... Rc8 $142 24. Bf7 Rf8 25. Qxd5 Qe7 26. Rxc4 Rcd8) 24. Rg4 Rc8 25. Rc3 Rxc3 26. Nxc3 Qc8 27. Qxc8 (27. Bf7 Qxe6 28. Bxe6 Re8 $18) 27... Rxc8 28. e6 Bf6 (28... Rxc3 $2 29. e7 Rc1+ 30. Kh2 $18) 29. Bf7 Rd8 (29... Be7 {might work better.} 30. Ne2 Nc4) 30. Nb5 h5 31. Rg3 Bh4 32. Re3 {[%emt 0:02:39] And now e7 would win.} ({Don't play} 32. Bxh5 $6 Bxg3 33. e7 (33. fxg3 Nc8 $11) 33... Bh4 34. exd8=N (34. exd8=R+ Bxd8 35. Nxa7 Na4 $18) 34... Bxd8 35. Nxa7 Na4 $18) 32... Nc8 33. Bxh5 Bg5 34. Re5 h6 35. g3 Kg7 $2 (35... Ne7 36. h4 (36. Nxa7 Bf6 $16) 36... Bf6) 36. Nc7 Ne7 37. Ne8+ Kh8 38. f4 Nc6 (38... Rxe8 $142 39. Bxe8 Bf6) 39. Rf5 (39. fxg5 $142 {Threatens to win with Rf5.} Ne7 40. gxh6) 39... Be7 40. Nc7 Nxd4 41. Rxd5 (41. Rf7 Nc6 42. f5 Bc5+ 43. Kg2) 41... Rc8 $2 (41... Rxd5 {is tougher.} 42. Nxd5 Bc5) 42. Rxd4 $2 (42. Rd7 Bc5 43. Kg2) 42... Bc5 {[%emt 0:01:09] [#]} (42... Rxc7 43. Rd5 Rc6) 43. e7 $1 Bxe7 (43... Bxd4+ 44. Kg2) 44. Rd7 Bd8 45. Ne6 Bb6+ 46. Kf1 Rc1+ 47. Bd1 Rc6 48. f5 {[%emt 0:00:52] Intending Nf4 and mate.} a5 49. Bb3 {[%emt 0:00:22] White mates.} Rc1+ 50. Kg2 Rg1+ 51. Kf3 Rf1+ 52. Ke4 Re1+ 53. Kf4 Rf1+ 54. Ke5 Re1+ 55. Kf6 Re3 56. Nf8 Bd4+ 57. Rxd4 Re8 58. Ng6+ Kh7 59. Rd7+ {[%emt 0:00:15] Weighted Error Value: White=0.64/Black=0.84} 1-0

[Event "Slovakian-ch Youth 2022"]
[Site "Lubovna"]
[Date "2022.05.24"]
[Round "5.12"]
[White "Valko, Michal"]
[Black "Sokolovsky, Jakub"]
[Result "1/2-1/2"]
[ECO "A45"]
[WhiteElo "1906"]
[BlackElo "1613"]
[Annotator "TA"]
[PlyCount "117"]
[EventDate "2022.05.22"]
[EventCountry "SVK"]
[SourceTitle "playchess.com"]
[Source "ChessBase"]
[SourceQuality "1"]
[TimeControl "40/5400+30:1800+30"]

1. d4 Nf6 2. Bg5 Ne4 3. Bf4 d5 4. f3 Nf6 5. e4 dxe4 6. Nc3 exf3 7. Nxf3 Bf5 {[%emt 0:06:07] A45: Trompowsky Attack.} 8. Bc4 e6 $1 9. Qe2 Bb4 {[%emt 0:02:08] Black is slightly better.} (9... Bd6 $5 10. Ne5 O-O $15) 10. O-O {[%emt 0:01:38] [#]} Bxc3 $146 (10... O-O $15) ({Predecessor:} 10... O-O 11. Nd1 Nc6 12. c3 Bd6 13. Bg5 h6 14. Bh4 g5 15. Be1 Nd5 16. Bxd5 exd5 {1-0 (32) Walton,A (2147)-Whitfield,C (1987) Leyland 2010}) 11. bxc3 $11 O-O 12. Rab1 b6 13. Bd3 (13. Bg5 $11) 13... Bxd3 14. Qxd3 h6 (14... Nbd7 $17) 15. Ne5 Nbd7 16. Nc6 Qe8 17. Qh3 (17. Bxc7 $2 Rc8 18. Nxa7 (18. Qg3 $2 Ne4 $19) 18... Rxc7 $19) (17. c4 $11) 17... Nd5 {[%emt 0:02:27] [#]} (17... Ne4 $1 $17 18. Rbe1 f5) 18. Bc1 (18. Bxh6 $1 $14 {was the only good move.} f5 19. Qg3) 18... N7f6 $17 19. Ne5 {[%emt 0:00:32] aiming for c4.} Ne4 $1 {[%emt 0:03:25] Pair of Knights!} 20. c4 f6 21. cxd5 (21. Ba3 $1 $15 Ndc3 22. Bxf8 Nxb1 23. Bxg7 (23. Qg4 Ng5 $15) 23... Kxg7 24. Qg4+ Ng5 25. Rxb1) 21... fxe5 22. Rxf8+ Qxf8 23. Qxe6+ Kh8 24. Be3 {[%emt 0:01:30] Against Qf2+} Nc3 $1 $36 {[%emt 0:03:39][%csl LRa2,LRb1][%mdl 2048] White is under strong pressure.} 25. Ra1 (25. Re1 $17 Re8 26. Qg4) 25... Ne2+ $2 (25... Re8 $19 26. Qg6 exd4) 26. Kh1 Nxd4 27. Bxd4 exd4 {[%emt 0:00:02][%cal Be5d4,Bd4d3,Bd3d2][%mdl 4128] Endgame KQR-KQR} 28. Kg1 $2 (28. Qe4 $17) 28... Qc5 $19 29. Rc1 $2 (29. Qc6 Qxc6 30. dxc6) (29. Qc6 Qxc6 30. dxc6) 29... d3+ 30. Kh1 d2 31. Rd1 Qxc2 32. Qe2 Qc3 $2 (32... Rf8 $19 {[%cal Of8f2] Strongly threatening ...Rf2!} 33. h3 Rf2 $3 ) 33. Qe6 $2 (33. h3 $17) 33... Qc2 34. Qe2 Qc1 $2 (34... Rf8 {[%cal Of8f2] White must now prevent ...Rf2!} 35. h3 {[#]} Rf2 $3 ) 35. Qxd2 (35. h4 $142) 35... Qxd2 36. Rxd2 {[%emt 0:00:30] KR-KR} Rf8 (36... Rd8 37. h3 c5) (36... Rd8 $19 37. g3 Kg8) 37. h3 Kh7 38. Rc2 Rf7 39. Rc6 Rd7 40. Kg1 Rxd5 {[%emt 0:00:32] Hoping for ...Rc5.} 41. Rxc7 a5 42. a4 Rd4 43. Rc6 Rb4 ({But not} 43... Rxa4 $2 44. Rxb6 Ra1+ 45. Kh2 $19) 44. Kf2 h5 (44... Rxa4 $19 45. Rxb6 Kg8) 45. g3 (45. Ke3 $17) 45... h4 ({Weaker is} 45... Rxa4 46. Rxb6 g6 47. Rd6 $17) 46. gxh4 Rxh4 (46... Rxa4 47. Rxb6 Rxh4 48. Ra6 $17) 47. Rxb6 Rxa4 ({Worse is} 47... Rxh3 48. Rb5 $11) 48. Kg3 (48. Ke1 $142) 48... g6 $2 ({Better is} 48... Ra1 $19 {...a4 is the strong threat.} 49. Ra6 a4) 49. Ra6 $11 Kh6 50. Ra8 Kg5 51. h4+ $1 Kf6 52. Rf8+ Kg7 53. Ra8 Ra1 54. Kf4 a4 55. Ra7+ Kh6 56. Ra5 a3 {[%emt 0:00:00] ( -> ...a2)} 57. Kg3 a2 (57... Kg7 $11 58. Ra7+ Kf8) 58. Kg2 $17 Kg7 59. Ra6 {[%emt 0:00:00] Weighted Error Value: White=0.52/Black=0.59} (59. Ra8 $17 {might work better.}) 1/2-1/2

[Event "Slovakian-ch Youth 2022"]
[Site "Lubovna"]
[Date "2022.05.24"]
[Round "5.13"]
[White "Toth, Marton"]
[Black "Otahal, Kristian"]
[Result "1-0"]
[ECO "B24"]
[WhiteElo "1849"]
[BlackElo "1000"]
[Annotator "NA RC COMBH"]
[PlyCount "59"]
[EventDate "2022.05.22"]
[EventCountry "SVK"]
[SourceTitle "playchess.com"]
[Source "ChessBase"]
[SourceQuality "1"]
[TimeControl "40/5400+30:1800+30"]

1. e4 c5 2. Nc3 Nc6 3. g3 e6 4. Bg2 Nf6 5. Nge2 d5 6. exd5 exd5 7. d4 Be6 8. O-O Qd7 9. Re1 Bh3 10. Nf4+ Be6 11. Ncxd5 Nxd5 12. Bxd5 Nd8 13. Bxb7 Qxb7 14. d5 Qd7 15. Qe2 Be7 16. dxe6 Nxe6 17. Nxe6 fxe6 18. Qxe6 Qxe6 19. Rxe6 Kd7 20. Re5 Rac8 21. Rd5+ Ke8 22. Bf4 Rd8 23. Rad1 Rxd5 24. Rxd5 Rf8 25. Be3 Rf6 26. Bxc5 Bxc5 27. Rxc5 Ra6 28. a3 Rd6 29. b4 Rb6 30. Rc8+ 1-0